 Dungeon Crawl Stone Soup version 0.31-a0-841-g038b102fc3 (webtiles) character file.

Game seed: 18243189404581210214

67 Newt the Shooter (level 4, -1/30 HPs)
             Began as a Kobold Hunter on Sept 27, 2023.
             Slain by an orc priest
             ... wielding a +0 whip
              (2 damage)
             ... on level 3 of the Dungeon.
             The game lasted 00:01:41 (1417 turns).

Newt the Shooter (Kobold Hunter)                    Turns: 1417, Time: 00:01:42

Health: -1/30      AC:  3    Str:  8    XL:     4   Next: 38%
Magic:  4/4        EV: 14    Int: 10    God:
Gold:   96         SH:  0    Dex: 20    Spells: 3/3 levels left

rFire   . . .        a - +0 shortbow
rCold   . . .        (shield currently unavailable)
rNeg    . . .        c - +0 leather armour
rPois   .            (no helmet)
rElec   .            (no cloak)
rCorr   .            (no gloves)
SInv    .            (no boots)
Will    +....        d - amulet of magic regeneration
Stlth   +++          h - ring of wizardry
HPRegen 0.25/turn    (no ring)
MPRegen 0.49/turn

%: wizardry (x1)
@: no status effects
A: small, no large weapons, nightstalker 3, strong-willed 1
a: no special abilities


You were on level 3 of the Dungeon.
You visited 1 branch of the dungeon, and saw 3 of its levels.

You collected 96 gold pieces.

Inventory:

Hand Weapons
 a - a +0 shortbow (weapon)
Armour
 c - a +0 leather armour (worn)
Jewellery
 d - an amulet of magic regeneration (around neck)
 h - a ring of wizardry (left hand)
Scrolls
 b - a scroll of butterflies
 f - a scroll of identify
 j - 3 scrolls of immolation
 k - a scroll of noise
Potions
 e - a potion of resistance {unknown}
 g - 2 potions of mutation
 i - a potion of degeneration


   Skills:
 + Level 4.7 Fighting
 - Level 5.3 Ranged Weapons
 - Level 2.4 Dodging
 - Level 1.3 Stealth


You had 3 spell levels left.
You didn't know any spells.
Your spell library contained the following spells:

 Spells                   Type           Power      Damage    Failure   Level
 Apportation              Tloc           0%         N/A       22%         1
 Necrotise                Necr           0%         1d4       22%         1
 Summon Small Mammal      Summ           0%         N/A       22%         1
 Dazzling Flash           Conj/Hex       0%         N/A       52%         3
 Agony                    Necr           0%         N/A       99%         5
 Silence                  Hex/Air        0%         N/A       99%         5


Dungeon Overview and Level Annotations

Branches:
Dungeon (3/15)

Altars:
Uskayaw

Annotations:
D:3 1 runed translucent door


Innate Abilities, Weirdness & Mutations

You are small and have problems with some larger weapons.
You are completely attuned to the shadows.
You are strong-willed. (Will+)


Message History

The orc shouts! x2
The arrow hits the orc!
You kill the orc!
You hear a shout! x2
Unknown command.
You shoot an arrow. The arrow barely misses the orc.
The orc hits you from afar with a +0 trident.
You shoot an arrow. The orc priest shouts!
The arrow hits the orc.
The orc is severely wounded.
The orc priest calls upon Beogh to heal the orc.
The orc's wounds heal themselves!
The orc hits you but does no damage.
You shoot an arrow. The arrow hits the orc.
The orc is heavily wounded.
The orc closely misses you.
The orc priest calls upon Beogh to heal the orc.
The orc's wounds heal themselves!
The orc attacks as it pursues you!
The orc hits you from afar with a +0 trident!
You shoot an arrow. The arrow hits the orc.
The orc is almost dead.
The orc barely misses you.
You shoot an arrow. The arrow closely misses the orc.
The orc barely misses you.
You shoot an arrow.
The arrow closely misses the orc priest.
The orc hits you from afar with a +0 trident.
The orc priest hits you with a +0 whip. The orc closely misses you.
You are too injured to fight recklessly!
You are too injured to fight recklessly!
Unknown command.
You shoot an arrow. The arrow hits the orc priest.
The orc priest is moderately wounded.
The orc priest hits you with a +0 whip!
* * * LOW HITPOINT WARNING * * *
The orc hits you from afar with a +0 trident.
* * * LOW HITPOINT WARNING * * *
The orc priest hits you with a +0 whip.
You die...

######## #........
#########......%......
#......##.............
####.####..............).
#.......####......o......
#....†..####....@o.......
#†...†..#.##.............
...._.....##.............
#......†#.##..........##.
#...†.††#.#############
#.......#...#############
####.####.#........##...##.#.##
.....)....######................
##........# ###..............


You could see an orc priest and an orc.

Vanquished Creatures
  Jessica (D:2)
  A worm (D:2)
  A dart slug (D:1)
  An orc (D:3)
  4 endoplasms
  A giant cockroach (D:1)
  2 hobgoblins
  4 kobolds
  2 quokkas
  2 ball pythons (D:1)
  6 bats
  4 frilled lizards
  3 goblins
  3 rats (D:1)
35 creatures vanquished.

Notes
Turn   | Place    | Note
-------+----------+-------------------------------------------
     0 | D:1      | Newt the Kobold Hunter began the quest for the Orb.
     0 | D:1      | Reached XP level 1. HP: 12/12 MP: 1/1
   146 | D:1      | Reached XP level 2. HP: 18/18 MP: 2/2
   276 | D:1      | Reached XP level 3. HP: 22/23 MP: 3/3
   907 | D:2      | Noticed Jessica
   916 | D:2      | Killed Jessica
   917 | D:2      | Reached XP level 4. HP: 27/30 MP: 4/4
  1098 | D:3      | Gained mutation: You have sharp toenails. [potion of
                  | mutation]
  1098 | D:3      | Gained mutation: You have a pair of small horns on your
                  | head. [potion of mutation]
  1099 | D:3      | Lost mutation: You have sharp toenails. [potion of
                  | mutation]
  1099 | D:3      | Lost mutation: You have a pair of small horns on your head.
                  | [potion of mutation]
  1099 | D:3      | Gained mutation: You have very sharp teeth. [potion of
                  | mutation]
  1099 | D:3      | Lost mutation: You have very sharp teeth. [potion of
                  | mutation]
  1099 | D:3      | Gained mutation: You have an increased reservoir of magic.
                  | (+10% MP) [potion of mutation]
  1100 | D:3      | Lost mutation: You have an increased reservoir of magic.
                  | (+10% MP) [potion of mutation]
  1100 | D:3      | Gained mutation: You are strong-willed. (Will+) [potion of
                  | mutation]
  1115 | D:3      | Found a runed translucent door.
  1143 | D:3      | HP: 1/30 [orc priest/+0 flail (9)]
  1376 | D:3      | Found a hide-covered altar of Uskayaw.
  1417 | D:3      | HP: 1/30 [orc/+0 trident (5)]
  1417 | D:3      | Slain by an orc priest

Illustrated notes

Levels and vault maps discovered:
D:1:      onia_arrival_pyramid, layout_rooms, minmay_bisected
D:2:      layout_rooms, uniq_jessica
D:3:      layout_rooms, nicolae_uskayaw_murder_on_the_dancefloor,
          ebering_ghost_sewer_f

Skill      XL: |  1  2  3 |
---------------+----------+-----
Fighting       | 3 4 |  4.7
Ranged Weapons | |  5.3
Dodging        | |  2.4
Stealth        | |  1.3

Action                     |  1- 3 |  4- 6 || total
---------------------------+-------+-------++-------
   Fire: Shortbow          |    76 |    25 ||   101
    Use: Scroll            |     1 |     4 ||     5
         Potion            |       |     4 ||     4
 Armour: Leather armour    |    21 |    15 ||    36
  Dodge: Dodged            |    28 |    11 ||    39

Table legend: (Time is in decaauts)
 A = Elapsed time spent in this place.
 B = Non-inter-level travel time spent in this place.
 C = Inter-level travel time spent in this place.
 D = Time resting spent in this place.
 E = Time spent auto-exploring this place.
 F = Levels seen in this place.
 G = Mean time per level.
                   A        B        C        D        E       F      G
               +--------+--------+--------+--------+--------+-----+--------+
         Total |   1435 |   1388 |     47 |    177 |    989 |   3 |  478.3 |
       Dungeon |   1435 |   1388 |     47 |    177 |    989 |   3 |  478.3 |
               +--------+--------+--------+--------+--------+-----+--------+

Top non-repeatable levels by time:
     D:2: 769 daAuts
     D:1: 516 daAuts
     D:3: 148 daAuts
